 Dungeon Crawl Stone Soup version 0.31-a0-965-g8a8ce12e04 (webtiles) character file.

Game seed: 1679284676286757909

634 Maxmaps the Changeling (level 7, -3/48 HPs)
             Began as an Octopode Monk on Oct 26, 2023.
             Slain by an ogre
             ... wielding a +0 giant spiked club
              (28 damage)
             ... on level 3 of the Dungeon.
             The game lasted 00:05:20 (3078 turns).

Maxmaps the Changeling (Octopode Monk)              Turns: 3078, Time: 00:05:21

Health: -3/48      AC:  1    Str: 10    XL:     7   Next: 49%
Magic:  7/7        EV: 14    Int: 21    God:
Gold:   252        SH:  0    Dex: 14    Spells: 6/6 levels left

rFire   . . .        n - +1 dagger (venom)
rCold   . . .        (no shield)
rNeg    . . .        (helmet currently unavailable)
rPois   +            (no amulet)
rElec   .            c - ring of poison resistance
rCorr   .            h - +6 ring of intelligence
SInv    .            (no ring)
Will    .....        (no ring)
Stlth   ++++         (no ring)
HPRegen 0.28/turn    (no ring)
MPRegen 0.10/turn    (no ring)
                     (no ring)

%: no passive effects
@: beast-form
A: beast (slay +2), almost no armour, amphibious, 8 rings, camouflage 1,
gelatinous body 1, (nimble swimmer 1), tentacles
a: Begin Untransformation


You were on level 3 of the Dungeon.
You were a hulking beast.
You visited 1 branch of the dungeon, and saw 4 of its levels.

You collected 252 gold pieces.

Inventory:

Hand Weapons
 n - a +1 dagger of venom (weapon)
Armour
 b - an orb of light
Jewellery
 c - a ring of poison resistance (left tentacle)
 h - a +6 ring of intelligence (right tentacle)
Talismans
 m - a beast talisman (active)
Scrolls
 e - a scroll of enchant armour
 l - a scroll of torment
 o - a scroll of identify
Potions
 a - 2 potions of ambrosia
 d - 2 potions of enlightenment
 f - 2 potions of haste
 g - 2 potions of curing
 i - a potion of degeneration {unknown}
 j - a potion of resistance {unknown}
 k - 2 potions of brilliance {unknown}
 p - a potion of heal wounds {unknown}


   Skills:
 - Level 4.0 Fighting
 + Level 2.6 Short Blades
 - Level 4.0 Dodging
 - Level 4.1 Stealth
 - Level 3.0 Unarmed Combat
 + Level 4.7 Shapeshifting


You had 6 spell levels left.
You didn't know any spells.
Your spell library contained the following spells:

 Spells                   Type           Power      Damage    Failure   Level
 Shock                    Conj/Air       0%         1d3       19%         1
 Swiftness                Air            0%         N/A       47%         3
 Airstrike                Air            0%         2d(0-16)  87%         4


Dungeon Overview and Level Annotations

Branches:
Dungeon (4/15)
 Temple: D:4-7

Altars:
Ru

Annotations:
D:4 1 runed translucent door, javelincjr's ghost, amateur OpSu


Innate Abilities, Weirdness & Mutations

You are a hulking beast.
Your limbs bulge with bestial killing power. (Slay +2)
You cannot wear most types of armour.
You are amphibious.
You can wear up to eight rings at the same time.
Your skin changes colour to match your surroundings (Stealth+).
Your rubbery body absorbs attacks. (AC +1, EV +1)
((You are camouflaged when in or above water. (Stealth+)))
You have tentacles for arms and can constrict up to eight enemies at once.


Message History

You hit the hound zombie. You squeeze the hound zombie!
The hound zombie is almost destroyed.
You constrict the hound zombie, but do no damage.
The hound zombie barely misses you.
You hit the hound zombie.
You destroy the hound zombie!
The adder zombie closely misses you. The bullfrog zombie barely misses you.
You completely miss the bullfrog zombie.
You grab the bullfrog zombie. You tentacle-slap the bullfrog zombie.
The bullfrog zombie is lightly damaged.
You constrict the bullfrog zombie. The adder zombie closely misses you.
The bullfrog zombie hits you.
You hit the bullfrog zombie.
The bullfrog zombie is moderately damaged.
You constrict the bullfrog zombie. The adder zombie completely misses you.
The bullfrog zombie closely misses you.
You puncture the bullfrog zombie! You tentacle-slap the bullfrog zombie.
You squeeze the bullfrog zombie!
The bullfrog zombie is almost destroyed.
You constrict the bullfrog zombie. The adder zombie closely misses you.
The bullfrog zombie closely misses you.
You hit the bullfrog zombie.
You destroy the bullfrog zombie!
The adder zombie barely misses you.
You puncture the adder zombie! Your grab misses the adder zombie.
The adder zombie is heavily damaged.
You climb upwards.
There is a stone staircase leading down here.
You hit the ogre.
The ogre is poisoned.
You squeeze the ogre.
The ogre is moderately wounded.
The ogre hits you with a +0 giant spiked club!!
You are too injured to fight recklessly!
You are too injured to fight recklessly!
You hit the ogre.
The ogre looks as sick as possible!
The ogre is moderately wounded.
You hit the ogre.
The ogre looks as sick as possible!
The ogre is heavily wounded.
The ogre hits you with a +0 giant spiked club!!
Ouch! That really hurt!
You die...

...........#####....##..###.####.
###.#####.##⌠.⌠##....##..........
#.# #.#.....#.....#.###.##### #.#
##.#.._..#.._..#.# #.#
##)####..#.....#.....#.###.#
#........##....##⌠.⌠##.....#
##..#####..##....#####....###
............##..O..##.....#
########...8†##.h.##.8...##
##.....#####.....##
#...............#
####.........#### ###########


You could see an ogre (extremely poisoned).

Vanquished Creatures
  Edmund (D:4)
  2 ogres (D:3)
  A phantom (D:3)
  A scorpion (D:4)
  A bullfrog zombie (D:4)
  A hound zombie (D:4)
  4 adders
  3 worms (D:2)
  4 dart slugs
  9 orcs
  6 ball pythons
  8 bats
  7 endoplasms
  2 giant cockroaches (D:2)
  7 goblins
  8 hobgoblins
  5 jackals
  8 quokkas
  8 frilled lizards
  8 kobolds
  7 rats
101 creatures vanquished.

Notes
Turn   | Place    | Note
-------+----------+-------------------------------------------
     0 | D:1      | Maxmaps the Octopode Monk began the quest for the Orb.
     0 | D:1      | Reached XP level 1. HP: 16/16 MP: 1/1
    40 | D:1      | Reached skill level 1 in Stealth
    87 | D:1      | Reached XP level 2. HP: 20/21 MP: 2/2
   308 | D:1      | Reached XP level 3. HP: 12/26 MP: 3/3
   951 | D:2      | Reached XP level 4. HP: 30/33 MP: 4/4
  1643 | D:3      | Reached XP level 5. HP: 30/37 MP: 5/5
  1802 | D:3      | Noticed an ogre
  1976 | D:3      | Killed an ogre
  2160 | D:3      | Reached XP level 6. HP: 36/43 MP: 6/6
  2382 | D:3      | Found a faded altar of an unknown god.
  2458 | D:3      | Found a sacrificial altar of Ru.
  2544 | D:4      | Noticed Edmund
  2774 | D:4      | Killed Edmund
  2775 | D:4      | Reached skill level 1 in Short Blades
  2775 | D:4      | Reached XP level 7. HP: 38/48 MP: 7/7
  2931 | D:4      | Found a runed translucent door.
  2931 | D:4      | Noticed javelincjr's ghost (amateur OpSu)
  3078 | D:3      | Slain by an ogre

Illustrated notes

Levels and vault maps discovered:
D:1:      onia_arrival_handbag, layout_basic, nrook_campfire, st_stairs_3,
          minmay_octomino_e4
D:2:      layout_rooms, st_stairs_11, eino_curves_02
D:3:      layout_loops_ring, nicolae_overflow_ecumenical_swirl,
          nrook_mini_backslash, nicolae_houndstooth_variations
D:4:      layout_loops_ring, mainiacjoe_overflow_small_starburst,
          trog_ov_bears_minmay, serial_undead, serial_undead_b, serial_undead_c,
          serial_undead_e, serial_undead_a, gammafunk_ghost_grave,
          amcnicky_mini_corridor_feature, uniq_edmund

Skill      XL: |  1  2  3  4  5  6  7 |
---------------+----------------------+-----
Stealth        | 2 3 4 |  4.1
Fighting       | 4 |  4.0
Dodging        | 4 |  4.0
Shapeshifting  | 2 4 |  4.7
Short Blades   | 1 2 |  2.6
Unarmed Combat | |  3.0

Action                     |  1- 3 |  4- 6 |  7- 9 || total
---------------------------+-------+-------+-------++-------
  Melee: Unarmed           |    89 |   113 |       ||   202
         Constrict         |    20 |    20 |     6 ||    46
         Tentacles         |    16 |    27 |    12 ||    55
         Punch             |     2 |     6 |     5 ||    13
         Dagger            |       |    10 |    37 ||    47
    Use: Scroll            |       |     7 |       ||     7
   Stab: Sleeping          |     8 |    14 |       ||    22
 Armour: Skin              |    28 |    66 |    17 ||   111
  Dodge: Dodged            |    47 |   113 |    27 ||   187
   Form: Beast             |       |     1 |       ||     1

Table legend: (Time is in decaauts)
 A = Elapsed time spent in this place.
 B = Non-inter-level travel time spent in this place.
 C = Inter-level travel time spent in this place.
 D = Time resting spent in this place.
 E = Time spent auto-exploring this place.
 F = Levels seen in this place.
 G = Mean time per level.
                   A        B        C        D        E       F      G
               +--------+--------+--------+--------+--------+-----+--------+
         Total |   3065 |   2986 |     79 |    422 |   1862 |   4 |  766.2 |
       Dungeon |   3065 |   2986 |     79 |    422 |   1862 |   4 |  766.2 |
               +--------+--------+--------+--------+--------+-----+--------+

Top non-repeatable levels by time:
     D:3: 1223 daAuts
     D:1: 866 daAuts
     D:2: 767 daAuts
     D:4: 209 daAuts
